 Dungeon Crawl Stone Soup version 0.32-a0-732-ga344392067 (webtiles) character file.

Game seed: 14386092794657290840

1314 croobank the Sneak (level 8, -3/48 HPs)
             Began as an Octopode Air Elementalist on Mar 16, 2024.
             Was an Initiate of Sif Muna.
             Slain by a two-headed ogre
             ... wielding a +0 giant club
              (26 damage)
             ... on level 6 of the Dungeon.
             The game lasted 00:13:49 (7788 turns).

croobank the Sneak (Octopode Air Elementalist)      Turns: 7788, Time: 00:13:49

Health: -3/48      AC:  1    Str:  7    XL:     8   Next: 58%
Magic:  0/14       EV: 13    Int: 19    God:    Sif Muna [......]
Gold:   283        SH:  0    Dex: 13    Spells: 8/15 levels left

rFire   + . .        b - +3 spear (venom)
rCold   . . .        (no shield)
rNeg    . . .        (helmet restricted)
rPois   .            t - amulet of guardian spirit
rElec   .            j - ring of protection from fire
rCorr   .            (no ring)
SInv    .            (no ring)
Will    .....        (no ring)
Stlth   ++++         (no ring)
HPRegen 0.28/turn    (no ring)
MPRegen 0.14/turn    (no ring)
                     (no ring)

%: guardian spirit
@: invisible
A: almost no armour, amphibious, 8 rings, camouflage 1, gelatinous body 1,
(nimble swimmer 1), tentacles
a: Renounce Religion


You were on level 6 of the Dungeon.
You worshipped Sif Muna.
Sif Muna was noncommittal.
You visited 2 branches of the dungeon, and saw 7 of its levels.

You collected 283 gold pieces.

Inventory:

Hand Weapons
 b - a +3 spear of venom (weapon)
 l - a +0 whip of protection
 q - a +0 trident
 r - a +0 morningstar
Missiles
 k - 6 poisoned darts (quivered)
Jewellery
 j - a ring of protection from fire (left tentacle)
 t - an amulet of guardian spirit (around mantle)
Wands
 h - a wand of acid (8)
 p - a wand of flame (26)
Scrolls
 e - 3 scrolls of poison
Potions
 a - 2 potions of magic
 d - a potion of resistance
 f - 2 potions of curing
 i - 3 potions of heal wounds
 m - a potion of attraction
 n - a potion of cancellation
 o - a potion of brilliance {unknown}


   Skills:
 + Level 1.0 Fighting
 + Level 4.8 Dodging
 + Level 6.8 Stealth
 + Level 4.4 Spellcasting
 + Level 4.3 Conjurations
 + Level 5.2 Air Magic
 * Level 1.6 Invocations


You had 8 spell levels left.
You knew the following spells:

 Your Spells              Type           Power      Damage    Failure   Level
a - Shock                 Conj/Air       88%        1d8       1%          1
b - Static Discharge      Conj/Air       44%        3-5/arc   2%          2
c - Airstrike             Air            12%        2d(2-18)  16%         4

Your spell library contained the following spells:

 Spells                   Type           Power      Damage    Failure   Level
 Swiftness                Air            24%        N/A       4%          3
 Call Imp                 Summ           8%         N/A       21%         2
 Sublimation of Blood     Necr           4%         N/A       21%         2
 Animate Dead             Necr           4%         N/A       78%         4
 Borgnjor's Vile Clutch   Necr/Erth      2%         N/A       98%         5
 Death Channel            Necr           2%         N/A       100%        6
 Summon Hydra             Summ           2%         N/A       100%        7


Dungeon Overview and Level Annotations

Branches:
Dungeon (6/15)             Temple (1/1) D:6

Altars:
Dithmenos
Elyvilon
Fedhas
Gozag
Hepliaklqana
Kikubaaqudgha
Makhleb
Nemelex Xobeh
Okawaru
Qazlal
Ru
Sif Muna
Trog
Uskayaw
Vehumet
Wu Jian
Xom
Zin
The Shining One


Innate Abilities, Weirdness & Mutations

You cannot wear most types of armour.
You are amphibious.
You can wear up to eight rings at the same time.
Your skin changes colour to match your surroundings (Stealth+).
Your rubbery body absorbs attacks. (AC +1, EV +1)
((You are camouflaged when in or above water. (Stealth+)))
You have tentacles for arms and can constrict up to eight enemies at once.


Message History

The kobold is severely wounded.
The kobold is struck by an arc of lightning.
You kill the kobold!
Sif Muna accepts your kill.
The lightning grounds out.
The kobold hits you with a +0 dagger.
The kobold brigand hits you with a +0 club.
Casting: Static Discharge (safe; 2% risk of failure)
Confirm with . or Enter, or press ? or * to list all spells.
The kobold brigand is struck by an arc of lightning!
The kobold brigand is heavily wounded.
The kobold is struck by an arc of lightning.
You kill the kobold!
Sif Muna accepts your kill.
The kobold brigand is struck by an arc of lightning.
The kobold brigand is severely wounded.
The lightning grounds out.
The kobold is struck by an arc of lightning.
You kill the kobold!
Sif Muna accepts your kill.
You are struck by an arc of lightning.
The kobold brigand is struck by an arc of lightning.
The kobold brigand is severely wounded.
The lightning grounds out.
The kobold brigand hits you with a +0 club.
Casting: Static Discharge (safe; 2% risk of failure)
Confirm with . or Enter, or press ? or * to list all spells.
The kobold brigand is struck by an arc of lightning.
The kobold brigand is almost dead.
The kobold is struck by an arc of lightning!
You kill the kobold!
Sif Muna accepts your kill.
The lightning grounds out.
The kobold brigand hits you with a +0 club.
Okay, then.
You fade into invisibility!
The kobold brigand closely misses you.
The two-headed ogre hits you with a +0 giant club!
The two-headed ogre hits you with a +0 giant club!!
Ouch! That really hurt!
You die...

#.....#
#..........##.....####
#....(.....##.........
..........##.........
.........####.#.....
........# #.######
.o.)...####'##
#OK....##....#
#@#######....#
#.......'....#
#########....# #....#
######


You could see a two-headed ogre (unable to see you), a kobold brigand (unable to
see you) and an orc (unable to see you).

Vanquished Creatures
  An ice beast (D:6)
  2 ogres
  A phantom (D:6)
  2 scorpions
  A gnoll sergeant (D:5)
  A howler monkey (D:5)
  A bombardier beetle (D:3)
  3 hounds
  2 orc priests
  A sleepcap (D:6)
  3 iguanas
  8 gnolls
  8 adders
  5 dart slugs
  2 ribbon worms (D:4)
  9 orcs
  8 ball pythons
  7 bats
  3 endoplasms
  5 giant cockroaches
  9 goblins
  3 hobgoblins
  20 jackals
  13 kobolds
  4 quokkas
  4 frilled lizards (D:1)
  5 rats
131 creatures vanquished.

Vanquished Creatures (collateral kills)
  A troll (D:6)
  An orc (D:6)
2 creatures vanquished.

Grand Total: 133 creatures vanquished

Notes
Turn   | Place    | Note
-------+----------+-------------------------------------------
     0 | D:1      | croobank the Octopode Air Elementalist began the quest for
                  | the Orb.
     0 | D:1      | Reached XP level 1. HP: 11/11 MP: 3/3
   148 | D:1      | Reached XP level 2. HP: 11/17 MP: 5/5
   149 | D:1      | Reached skill level 3 in Stealth
   532 | D:1      | Reached XP level 3. HP: 16/21 MP: 6/6
   535 | D:1      | Learned a level 2 spell: Static Discharge
  1214 | D:2      | Found a faded altar of an unknown god.
  1426 | D:2      | Reached XP level 4. HP: 27/27 MP: 7/7
  2067 | D:3      | Reached XP level 5. HP: 31/31 MP: 9/9
  2072 | D:3      | Reached skill level 4 in Stealth
  2077 | D:3      | Learned a level 4 spell: Airstrike
  3242 | D:4      | Identified the +1 cloak of Pleasant Breezes {rPois rF+
                  | Stlth+}
  3271 | D:4      | Reached XP level 6. HP: 34/36 MP: 10/10
  4082 | D:5      | Entered Level 5 of the Dungeon
  4588 | D:5      | Reached skill level 5 in Stealth
  5376 | D:5      | Reached XP level 7. HP: 32/41 MP: 12/12
  6909 | D:6      | Reached skill level 6 in Stealth
  7032 | D:6      | Reached XP level 8. HP: 32/46 MP: 5/14
  7122 | D:6      | Found a staircase to the Ecumenical Temple.
  7156 | D:6      | Noticed a troll
  7166 | D:6      | Killed a troll
  7167 | D:6      | Reached skill level 5 in Air Magic
  7383 | Temple   | Entered the Ecumenical Temple
  7396 | Temple   | Became a worshipper of Sif Muna the Loreminder
  7442 | D:6      | Found a glowing silver altar of Zin.
  7443 | D:6      | Found a hazy altar of Hepliaklqana.
  7445 | D:6      | Found an opulent altar of Gozag.
  7578 | D:6      | Reached skill level 1 in Invocations
  7687 | D:6      | Reached skill level 1 in Fighting
  7782 | D:6      | Noticed a two-headed ogre
  7788 | D:6      | Slain by a two-headed ogre

Illustrated notes

Levels and vault maps discovered:
D:1:      dpeg_arrival_arbitrary_b, layout_basic, serial_bayou_crossing
D:2:      layout_basic, nicolae_ecumenical_oubliette
D:3:      layout_basic, minmay_door_square
D:4:      kennysheep_big_flooded_room, layout_gridville,
          kennysheep_opposing_triangles
D:5:      layout_basic, minivault_11, lightli_minifort
D:6:      layout_basic, chequers_temple_overflow_statue_of_worship,
          minmay_temple_entry_stoned_glass, skrybe_limestone_x, uniq_pikel
Temple:   nicolae_temple_superstar

Skill      XL: |  1  2  3  4  5  6  7  8 |
---------------+-------------------------+-----
Stealth        | 3 4 5 6 |  6.8
Conjurations   | 2 3 4 |  4.3
Dodging        | 3 4 |  4.8
Spellcasting   | 3 4 |  4.4
Air Magic      | 4 5 |  5.2
Invocations    | 1 |  1.6
Fighting       | 1 |  1.0

Action                     |  1- 3 |  4- 6 |  7- 9 || total
---------------------------+-------+-------+-------++-------
  Melee: Spear             |    74 |   103 |    67 ||   244
         Constrict         |    18 |    25 |    16 ||    59
         Tentacles         |    10 |    17 |    13 ||    40
   Cast: Shock             |     3 |    23 |    30 ||    56
         Static Discharge  |       |     2 |     4 ||     6
    Use: Scroll            |     3 |     7 |     7 ||    17
         Potion            |       |     2 |     1 ||     3
   Stab: Sleeping          |    13 |    17 |     5 ||    35
 Armour: Skin              |    19 |    28 |    37 ||    84
  Dodge: Dodged            |    27 |    33 |    30 ||    90

Table legend: (Time is in decaauts)
 A = Elapsed time spent in this place.
 B = Non-inter-level travel time spent in this place.
 C = Inter-level travel time spent in this place.
 D = Time resting spent in this place.
 E = Time spent auto-exploring this place.
 F = Levels seen in this place.
 G = Mean time per level.
                   A        B        C        D        E       F      G
               +--------+--------+--------+--------+--------+-----+--------+
         Total |   7811 |   7513 |    298 |   2344 |   4036 |   7 | 1115.9 |
       Dungeon |   7785 |   7512 |    273 |   2344 |   4036 |   6 | 1297.5 |
        Temple |     26 |      1 |     25 |      0 |      0 |   1 |   26.0 |
               +--------+--------+--------+--------+--------+-----+--------+

Top non-repeatable levels by time:
     D:5: 2693 daAuts
     D:1: 1266 daAuts
     D:4: 1121 daAuts
     D:3: 1027 daAuts
     D:6: 872 daAuts
     D:2: 803 daAuts
  Temple: 26 daAuts
